 Dungeon Crawl Stone Soup version 0.16.1-29-g3e760ad (webtiles) character file.

366 lexx2503 the Ducker (level 6, -9/59 HPs)
             Began as a Troll Gladiator on June 10, 2015.
             Was an Initiate of Gozag.
             Mangled by an ice beast (13 damage)
             ... on level 5 of the Dungeon.
             The game lasted 00:26:08 (3585 turns).

lexx2503 the Ducker (Troll Gladiator)               Turns: 3585, Time: 00:26:16

Health: -9/59      AC:  7    Str: 26    XL:     6   Next: 40%
Magic:  3/3        EV: 11    Int:  4    God:    Gozag
Gold:   111        SH:  0    Dex: 10    Spells: 0 memorised, 5 levels left

rFire  . . .     SeeInvis .     a - +1 flail
rCold  . . .     Clarity  .     b - +1 animal skin
rNeg   . . .     SustAb   .     (shield restricted)
rPois  .         Gourm    +     c - +0 hat
rElec  .         Spirit   .     y - +0 cloak
rCorr  .         Warding  .     (gloves unavailable)
rMut   .         Stasis   .     (boots unavailable)
MR     .....                    (no amulet)
Stlth  +.........               (no ring)
                                (no ring)

@: not resistant to hostile enchantments, very unstealthy
A: unfitting armour, claws 3, fast metabolism 3, gourmand, regeneration 2,
shaggy fur 1, tough skin 2
a: Potion Petition, Call Merchant, Bribe Branch, Renounce Religion


You were on level 5 of the Dungeon.
You worshipped Gozag.
Gozag was noncommittal.
You were not hungry.

You visited 1 branch of the dungeon, and saw 5 of its levels.

You collected 527 gold pieces.
You spent 336 gold pieces at shops.
You paid 80 gold pieces to Gozag.

Inventory:

Hand weapons
 a - a +1 flail (weapon)
 g - a +0 blowgun
 h - a +0 short sword
 j - a +0 whip
 v - a +0 dagger
Missiles
 d - 3 throwing nets (quivered)
 i - 43 stones
 p - 22 poisoned needles
 q - 41 arrows
 B - 15 bolts
Armour
 b - a +1 animal skin (worn)
 c - a +0 hat (worn)
 f - a +0 robe
 s - a +0 scale mail
 x - a +0 ring mail
 y - a +0 cloak (worn)
Jewellery
 o - an uncursed ring of ice
Scrolls
 k - 2 scrolls of fear
 m - 2 scrolls of identify
 t - a scroll of blinking
 u - a scroll of enchant armour
 w - a scroll of enchant weapon
 A - a scroll of remove curse {unknown}
Potions
 e - 3 potions of cure mutation
 l - a potion of flight
 n - a potion of restore abilities
 r - a potion of might
 z - 2 potions of agility
Comestibles
 C - 3 fruits
 D - a beef jerky
 E - a royal jelly
 F - a meat ration


   Skills:
 + Level 2.5 Fighting
 + Level 4.1 Maces & Flails
 + Level 1.9 Throwing
 + Level 4.6 Dodging
 + Level 0.6 Stealth


You had 5 spell levels left.
You didn't know any spells.

Dungeon Overview and Level Annotations

Branches:
Dungeon (5/15)
 Temple: D:4-7

Altars:
Gozag
Ru

Shops:
D:4 %=!:*


Innate Abilities, Weirdness & Mutations

You are too large for most types of armour.
You have claws for hands.
Your metabolism is lightning-fast.
You like to eat raw meat.
You heal very quickly.
You are covered in fur (AC +1).
You have very tough skin (AC +2).


Message History

The ice beast barely misses you. The shadow imp hits you.
The crimson imp blinks!
You thump the shadow imp!
You kill the shadow imp!
The ice beast hits you but does no damage.
A bat comes into view.
You barely miss the ice beast. The ice beast hits you.
The ice beast freezes you.
You sock the ice beast!
The ice beast is moderately wounded.
The ice beast hits you but does no damage.
You barely miss the ice beast.
The ice beast is moderately wounded.
The ice beast hits you. The ice beast freezes you!
* * * LOW HITPOINT WARNING * * *
The bat closely misses you. The ice beast hits you.
* * * LOW HITPOINT WARNING * * *
The ice beast freezes you!
You die...
Your body crumbles into a pile of gold.

.......# ........#
.........#
.........#
.........##+#+#
.................
#..b.........
#######............
#.......@.5..).....
#.......Y..........
#.....%............
.................
......###........
...... #.#####..
..... #.# .... #.#
.. #.#


You could see an ice beast, a crimson imp and a bat.

Vanquished Creatures
  The ghost of DevDT the Chucker, an average DgWr (D:4)
  A giant frog skeleton (D:4)
  An orc priest (D:4)
  A hound (D:4)
  A worker ant (D:4)
  2 adders (D:2)
  A shadow imp (D:5)
  2 worms (D:2)
  3 giant geckos (D:2)
  3 orcs (D:4)
  A ball python (D:2)
  10 bats
  2 bat skeletons
  4 giant cockroaches (D:2)
  10 goblins
  8 hobgoblins
  11 jackals
  8 kobolds
  A quokka (D:2)
  2 giant newts
  8 rats
81 creatures vanquished.

Notes
Turn   | Place    | Note
--------------------------------------------------------------
     0 | D:1      | lexx2503, the Troll Gladiator, began the quest for the Orb.
     0 | D:1      | Reached XP level 1. HP: 19/19 MP: 1/1
    37 | D:1      | Reached XP level 2. HP: 21/27 MP: 1/1
   129 | D:1      | Reached skill level 3 in Maces & Flails
   616 | D:2      | Reached XP level 3. HP: 21/35 MP: 2/2
   627 | D:2      | Found an opulent altar of Gozag.
   751 | D:2      | Became a worshipper of Gozag Ym Sagoz the Greedy
  1139 | D:2      | Reached XP level 4. HP: 38/42 MP: 2/2
  2412 | D:3      | Found a sacrificial altar of Ru.
  2546 | D:4      | Reached XP level 5. HP: 37/49 MP: 2/2
  2578 | D:4      | Found Lihoiruv's Food Boutique.
  2585 | D:4      | Bought a slice of pizza for 19 gold pieces
  2585 | D:4      | Bought a bread ration for 65 gold pieces
  2585 | D:4      | Bought a slice of pizza for 19 gold pieces
  2585 | D:4      | Bought 3 fruits for 58 gold pieces
  2585 | D:4      | Bought a beef jerky for 19 gold pieces
  2585 | D:4      | Bought a royal jelly for 26 gold pieces
  2585 | D:4      | Bought a meat ration for 65 gold pieces
  2585 | D:4      | Bought a bread ration for 65 gold pieces
  2593 | D:4      | Found Skalauku's Jewellery Shop.
  2641 | D:4      | Found Struocs' Distillery.
  2653 | D:4      | Noticed DevDT's ghost (average DgWr)
  2694 | D:4      | Killed DevDT's ghost
  2694 | D:4      | Reached skill level 4 in Maces & Flails
  2694 | D:4      | Reached XP level 6. HP: 25/59 MP: 3/3
  2757 | D:4      | Found Biecsoa's Book Emporium.
  2942 | D:4      | Found Oqufour's Assorted Antiques.
  3570 | D:5      | Entered Level 5 of the Dungeon
  3585 | D:5      | Mangled by an ice beast

Action                   |  1- 3 |  4- 6 || total
-------------------------+-------+-------++-------
Melee: Flail             |   133 |   158 ||   291
Invok: Potion Petition   |       |     1 ||     1
  Use: Scroll            |     3 |     8 ||    11
  Eat: Meat ration       |     2 |     1 ||     3
       Fruit             |       |     3 ||     3
       Pizza             |       |     3 ||     3
       Beef jerky        |       |     1 ||     1
       Bread ration      |       |     2 ||     2
